 Dungeon Crawl Stone Soup version 0.26.1-2-gb8aa6d0cf2 (webtiles) character file.

Game seed: 17476539053620620671

167 Ladykiller69 the Skirmisher (level 5, -1/55 HPs)
             Began as an Ogre Hunter on Mar 17, 2021.
             Succumbed to a worker ant's poison
             ... on level 3 of the Dungeon.
             The game lasted 00:07:50 (4501 turns).

Ladykiller69 the Skirmisher (Ogre Hunter)           Turns: 4501, Time: 00:07:51

Health: -1/55      AC:  4    Str: 16    XL:     5   Next: 48%
Magic:  5/5        EV: 10    Int: 12    God:
Gold:   267        SH:  0    Dex: 10    Spells: 4/4 levels left

rFire    . . .     SeeInvis .   i - +0 whip
rCold    . . .     Faith    .   (no shield)
rNeg     . . .     Spirit   .   b - +0 robe
rPois    .         Reflect  .   (helmet restricted)
rElec    .         Harm     .   n - +0 cloak
rCorr    .         Rampage  .   (gloves unavailable)
Will     .....                  (boots unavailable)
Stlth    +.........             (no amulet)
HPRegen  0.18/turn              (no ring)
MPRegen  0.09/turn              (no ring)

@: lethally poisoned (-1 -> -26), hasted, very quick
A: large, unfitting armour, tough skin 1
a: no special abilities


You were on level 3 of the Dungeon.
You visited 1 branch of the dungeon, and saw 3 of its levels.

You collected 267 gold pieces.

Inventory:

Hand Weapons
 f - a +0 club
 i - a +0 whip (weapon)
Missiles
 c - 3 large rocks (quivered)
 d - 2 throwing nets
 l - 15 poisoned darts
 m - 89 stones
 o - 4 silver boomerangs
Armour
 b - a +0 robe (worn)
 n - a +0 cloak (worn)
 q - a scarf of shadows
Scrolls
 j - 4 scrolls of identify {unknown}
 k - 2 scrolls of remove curse {unknown}
Potions
 a - 3 potions of haste
 e - 2 potions of brilliance {unknown}
 g - a potion of mutation {unknown}
 h - 3 potions of curing {unknown}
 p - a potion of ambrosia {unknown}


   Skills:
 + Level 4.5 Fighting
 * Level 3.5 Maces & Flails
 - Level 4.0 Throwing
 - Level 2.0 Dodging
 - Level 0.6 Stealth


You had 4 spell levels left.
You didn't know any spells.
Your spell library was empty.

Dungeon Overview and Level Annotations

Branches:
Dungeon (3/15)

Altars:
Trog
Xom


Innate Abilities, Weirdness & Mutations

You are too large for most types of armour.
You have tough skin. (AC +1)


Message History

You feel sick. The worker ant barely misses you.
You hit the worker ant.
The worker ant is severely wounded.
* * * LOW HITPOINT WARNING * * *
You feel sick.
The worker ant bites you but does no damage.
Throw: 4 large rocks
Press: ? - help, Q - select action, (/) - cycle Shift-Dir - straight line, f/p - worker ant
Aim: a worker ant (severely wounded, 60% to hit)
You throw a large rock. The large rock hits the worker ant.
The worker ant is almost dead.
* * * LOW HITPOINT WARNING * * *
You feel sick. The worker ant bites you.
* * * LOW HITPOINT WARNING * * *
The worker ant bites you.
* * * LOW HITPOINT WARNING * * *
You are more poisoned.
The worker ant poisons you!
It was a potion of haste.
You feel yourself speed up.
You die...

...# ...# ##..#
...# #..# #######
#..# #......
#..##########.#####
#.@................
#B##........#.#####
#( #........#†#####
#. #.......(#.#....
#. #........#.#....
..............'...>
########....###....
###### #.... #####


You could see a worker ant.

Vanquished Creatures
  Terence (D:2)
  Robin (D:2)
  3 adders
  An ooze (D:1)
  2 worms
  2 dart slugs (D:2)
  2 leopard geckos
  12 orcs (D:3)
  3 giant cockroaches (D:2)
  12 goblins
  11 hobgoblins
  2 jackals (D:2)
  8 bats
  2 frilled lizards
  4 kobolds
  6 rats
72 creatures vanquished.

Vanquished Creatures (others)
  A ball python (D:2)
  A goblin (D:2)
  2 jackals (D:2)
  A bat (D:2)
5 creatures vanquished.

Grand Total: 77 creatures vanquished

Notes
Turn   | Place    | Note
-------+----------+-------------------------------------------
     0 | D:1      | Ladykiller69 the Ogre Hunter began the quest for the Orb.
     0 | D:1      | Reached XP level 1. HP: 22/22 MP: 1/1
   149 | D:1      | Found a shimmering altar of Xom.
   184 | D:1      | Reached XP level 2. HP: 19/29 MP: 2/2
   322 | D:1      | Reached skill level 1 in Maces & Flails
   948 | D:2      | Reached XP level 3. HP: 13/37 MP: 3/3
  1216 | D:2      | Noticed Terence
  1220 | D:2      | Killed Terence
  1526 | D:2      | Reached XP level 4. HP: 48/48 MP: 4/4
  2033 | D:2      | Noticed Robin
  2613 | D:2      | Killed Robin
  2999 | D:2      | Found a bloodstained altar of Trog.
  3268 | D:2      | Reached XP level 5. HP: 54/54 MP: 5/5
  4500 | D:3      | HP: 2/55 [worker ant (4)]
  4501 | D:3      | Succumbed to a worker ant's poison

Illustrated notes

Levels and vault maps discovered:
D:1:      lightli_arrival_noodles, layout_basic, xom_teletrap_fun
D:2:      layout_rooms, overflow_temple_1_default, grunt_ministairs_14,
          lemuel_old_faithful, uniq_robin, uniq_terence
D:3:      minmay_door_path, layout_basic, makhleb_heckhound_becter, minivault_27

Skill      XL: |  1  2  3  4 |
---------------+-------------+-----
Dodging        | 2 |  2.0
Fighting       | 3 4 |  4.5
Maces & Flails | 1 2 3 |  3.5
Throwing       | |  4.0
Stealth        | |  0.6

Action                   |  1- 3 |  4- 6 || total
-------------------------+-------+-------++-------
Melee: Short sword       |    14 |       ||    14
       Club              |    60 |       ||    60
       Whip              |     1 |   268 ||   269
Throw: Large rock        |     5 |     1 ||     6
       Stone             |       |    31 ||    31
  Use: Potion            |       |     1 ||     1
 Stab: Sleeping          |     1 |     2 ||     3
Armor: Robe              |    37 |    48 ||    85
Dodge: Dodged            |    36 |   136 ||   172
